 Dungeon Crawl Stone Soup version 0.19-a0-627-g7ac35de (webtiles) character file.

310820 Apachew the Axe Maniac (level 20, -15/193 HPs)
             Began as a Minotaur Berserker on June 13, 2016.
             Was the Champion of Trog.
             Killed from afar by a lich (63 damage)
             ... with a bolt of lightning
             ... on level 3 of the Depths.
             The game lasted 02:53:36 (40268 turns).

Apachew the Axe Maniac (Minotaur Berserker)        Turns: 40268, Time: 02:53:38

Health: -15/193    AC: 32    Str: 29    XL:     20   Next: 40%
Magic:  19/19      EV: 15    Int:  4    God:    Trog [******]
Gold:   3279       SH:  0    Dex: 12    Spells: 0 memorised, 19 levels left

rFire  . . .     SeeInvis +     a - +8 executioner's axe (freeze)
rCold  . . .     Gourm    .     b - +3 plate armour
rNeg   . . .     Faith    .     (shield currently unavailable)
rPois  .         Spirit   .     Q - +2 hat
rElec  .         Dismiss  .     M - +2 cloak
rCorr  .         Reflect  .     E - +0 pair of gloves
SustAt +         Harm     .     G - +1 pair of boots {run}
MR     +....                    O - amulet of regeneration
Stlth  ..........               F - ring of see invisible
                                K - ring of sustain attributes

@: drained, quick, somewhat resistant to hostile enchantments, extremely
unstealthy
A: retaliatory headbutt, horns 2, camouflage 1
a: Berserk, Trog's Hand, Brothers in Arms, Burn Spellbooks, Renounce Religion
}: 2/15 runes: decaying, gossamer


You were on level 3 of the Depths.
You worshipped Trog.
Trog was exalted by your worship.
You were not hungry.

You visited 8 branches of the dungeon, and saw 40 of its levels.
You also visited: Labyrinth, Ossuary and Bailey.

You collected 3971 gold pieces.
You spent 692 gold pieces at shops.

Inventory:

Hand Weapons
 a - a +8 executioner's axe of freezing (weapon)
 Y - a +8 antimagic battleaxe
Armour
 b - a +3 plate armour (worn)
 s - a +1 chain mail of fire resistance
 E - a +0 pair of gloves (worn)
 G - a +1 pair of boots of running (worn)
 M - a +2 cloak (worn)
 P - the +0 pair of boots of Xisilius {rPois}
   (You bought it in a shop on level 2 of the Orcish Mines)

   It protects you from poison.
 Q - a +2 hat (worn)
Rods
 d - a +4 lightning rod (9/9)
   (You found it on level 3 of the Swamp)
Jewellery
 x - an uncursed ring of flight
 y - an uncursed ring of ice {unknown}
 F - a ring of see invisible (right hand)
 H - a +3 ring of protection
 K - a ring of sustain attributes (left hand)
 O - an amulet of regeneration (around neck)
 X - an uncursed ring of protection from cold
Wands
 f - a wand of teleportation (4/9)
 u - a wand of acid (10/15)
 N - a wand of disintegration (6/24)
 V - a wand of iceblast (6/15)
 W - a wand of digging (11/24)
Scrolls
 j - 3 scrolls of fog
 k - 17 scrolls of remove curse
 m - 5 scrolls of identify
 n - 8 scrolls of magic mapping
 q - 2 scrolls of blinking
 w - 8 scrolls of recharging
 B - 7 scrolls of teleportation
 D - 2 scrolls of summoning
 I - 2 scrolls of vulnerability
 T - 4 scrolls of fear
 U - a scroll of brand weapon
Potions
 e - 11 potions of curing
 g - 2 potions of cure mutation
 h - 4 potions of magic
 o - 5 potions of haste
 r - 6 potions of might
 v - 6 potions of brilliance
 A - 7 potions of heal wounds
 L - a potion of resistance
 R - a potion of cancellation
 S - 2 potions of invisibility
 Z - a potion of agility
Miscellaneous
 C - a lamp of fire
Comestibles
 c - 22 bread rations
 i - a royal jelly
 l - 18 beef jerkies
 p - 4 slices of pizza
 t - 23 fruits
 z - 3 chunks of flesh
 J - 15 meat rations


   Skills:
 + Level 19.6(19.2) Fighting
 O Level 27(26.5) Axes
 + Level 19.2(18.8) Armour
 + Level 14.7(14.4) Dodging


You had 19 spell levels left.
You didn't know any spells.

Dungeon Overview and Level Annotations

Branches:
Dungeon (15/15)            Temple (1/1) D:5            Lair (6/6) D:8
  Swamp (4/4) Lair:2       Spider (4/4) Lair:3        Slime (0/5) Lair:5
    Orc (2/2) D:11            Elf (0/3) Orc:2        Vaults (5/5) D:14
  Crypt (0/3) Vaults:3     Depths (3/5) D:15

Altars:
Ashenzari
Cheibriados
Elyvilon
Fedhas
Gozag
Hepliaklqana
Kikubaaqudgha
Makhleb
Nemelex Xobeh
Okawaru
Pakellas
Qazlal
Ru
Sif Muna
Trog
Uskayaw
Vehumet
Xom
Yredelemnul
Zin
The Shining One
Jiyva

Shops:
D:7 *   D:14 [**:   Orc:2 *[%%%}   Vaults:3 =   Depths:1 *

Portals:
Hell: Depths:1 Depths:3


Innate Abilities, Weirdness & Mutations

You reflexively headbutt those who attack you in melee.
You have a pair of horns on your head.
Your skin changes colour to match your surroundings (Stealth+).


Message History

Unknown command.
Unknown command.
You closely miss the lich. Your headbutt misses the lich.
You barely miss the ogre.
The lich points at you and mumbles some strange words.
You struggle to resist.
The ogre closely misses you. The lich touches you.
You feel drained.
You slice the lich!! You freeze the lich.
The lich is moderately damaged.
You hit the ogre but do no damage.
The lich gestures at you while chanting.
The bolt of lightning hits you! x2
* * * LOW HITPOINT WARNING * * *
You slice the lich!! You freeze the lich.
The lich is heavily damaged.
You barely miss the ogre. The ogre barely misses you. You furiously retaliate!
You headbutt the ogre!
The lich gestures at you while chanting.
The bolt of lightning hits you!
You die...

####.#.#.......# O
#...#.......# O
#####.......# #O
#.......# #. #........
#.##### #>.......
#.....#####........
.#####.O)....##........
........@###...........
##......L# ###.......##
###.....## ###.....#
##.....# #....#
###...## #....# ##...#
#...# ##..## #...
##..## #. ##..##


You could see a lich and an ogre.

Vanquished Creatures
  Boris (Vaults:4)
  Arachne (Spider:4)
  Rupert (Lair:3)
  Jorgrun (Spider:3)
  A lich (Vaults:4)
  A titan (Depths:1)
  3 thorn hunters (Swamp:4)
  A sphinx (Vaults:1)
  Gastronok (Orc:1)
  Agnes (Spider:3)
  3 tengu reavers
  A fire giant (Depths:1)
  9 vault wardens
  Wiglaf (Vaults:4)
  3 emperor scorpions
  Louise (D:15)
  A frost giant (Vaults:3)
  4 ghost moths (Spider:4)
  2 orc warlords
  6 very ugly things
  9 ironheart preservers
  9 stone giants
  A deep elf demonologist (Vaults:3)
  The ghost of Herrn the Grappler, a journeyman TrMo of Okawaru (Lair:1)
  A vampire knight (Vaults:3)
  2 deep elf annihilators (Vaults:3)
  Snorg (D:14)
  2 ettins (Depths:1)
  An eidolon (Depths:2)
  2 deep elf death magi (Vaults:3)
  5 fire dragons
  6 yaktaur captains
  4 entropy weavers
  Erolcha (D:12)
  A rakshasa (Depths:1)
  A minotaur (Lab)
  12 vault guards
  5 great orbs of eyes
  17 hydras
  3 ice dragons
  8 ogre magi
  10 centaur warriors
  Erica (D:8)
  An anaconda (shapeshifter) (Vaults:1)
  3 ghost crabs
  2 death knights
  2 alligators
  An alligator (shapeshifter) (Depths:1)
  5 death yaks (Lair:4)
  Urug (Lair:2)
  3 tengu warriors
  3 orc high priests (Orc:2)
  The ghost of Herrn the Grappler, a novice TrEE of Okawaru (D:7)
  A titan zombie (D:15)
  A deep elf knight (Vaults:1)
  2 skeletal warriors (D:15)
  2 fire crabs (Vaults:2)
  3 hell knights (Vaults:4)
  A deep troll (shapeshifter) (Vaults:2)
  3 flayed ghosts
  A shadow wraith (Vaults:2)
  A spectral anaconda (Depths:2)
  A spectral hydra (Depths:2)
  5 wizards
  A death drake (Depths:2)
  An unseen horror (shapeshifter) (Vaults:1)
  A spark wasp zombie (D:15)
  3 unseen horrors
  A giant orange brain (Depths:1)
  5 deep trolls (Vaults:2)
  4 necromancers
  4 harpies (Vaults:1)
  10 swamp dragons
  2 deep elf archers (Vaults:1)
  9 ironbrand convokers
  8 hill giants
  Pikel (D:6)
  A phantasmal warrior (Vaults:4)
  15 orc knights
  22 orb spiders
  5 orc sorcerers (Orc:2)
  21 ugly things
  A wolf spider (shapeshifter) (Vaults:2)
  19 wolf spiders
  2 manticores
  A tengu skeleton (D:15)
  6 deep elf magi
  A stone giant zombie (D:15)
  A moth of wrath (Spider:3)
  12 hornets
  6 cyclopes
  3 griffons
  8 vault sentinels
  A guardian serpent (shapeshifter) (Vaults:2)
  Maurice (D:9)
  A gargoyle (D:15)
  14 spiny frogs
  A human zombie (Vaults:1)
  5 rime drakes
  15 komodo dragons
  2 yaktaurs (shapeshifter)
  38 yaktaurs
  A kobold demonologist (Vaults:2)
  9 demonic crawlers
  A swamp worm zombie (Swamp:4)
  7 freezing wraiths
  A tengu conjurer (Depths:1)
  4 trolls
  19 jumping spiders
  3 spriggan druids
  9 giant leeches
  4 polar bears (Lair:6)
  A wind drake (shapeshifter) (Vaults:1)
  A wolf spider simulacrum (D:14)
  23 slime creatures
  27 blink frogs
  3 bog bodies
  A two-headed ogre (shapeshifter) (Vaults:2)
  19 two-headed ogres
  2 boulder beetles
  A centaur simulacrum (D:15)
  70 redbacks
  6 shadows
  28 spriggans
  A tarantella (shapeshifter) (Depths:1)
  51 yaks
  6 water elementals (Depths:1)
  20 tarantellas
  2 wyverns
  A giant leech zombie (Swamp:4)
  A hill giant zombie (D:11)
  6 wraiths
  A basilisk (Lair:3)
  A vampire (D:14)
  A hippogriff (shapeshifter) (Vaults:4)
  6 hungry ghosts
  10 hippogriffs
  36 vampire mosquitoes
  21 swamp worms
  2 steam dragons
  15 insubstantial wisps
  A yaktaur simulacrum (Vaults:1)
  4 mottled dragons
  9 wargs
  A hydra simulacrum (Depths:2)
  9 porcupines
  Duvessa (D:6)
  A spectral spriggan (Depths:2)
  10 water moccasins
  3 hell hounds (Depths:2)
  11 swamp drakes
  3 black bears
  47 orc warriors
  5 phantoms
  2 slaves (D:6)
  20 wasps
  The ghost of Herrn the Digger, an amateur TrEE (D:3)
  3 sky beasts
  3 ice beasts
  A snapping turtle zombie (Depths:2)
  29 wolves
  34 ogres
  A swamp dragon zombie (Swamp:4)
  34 centaurs
  A necrophage (D:14)
  5 boggarts
  14 crocodiles
  4 elf zombies
  5 big kobolds
  20 giant frogs
  A wyvern skeleton (D:7)
  4 scorpions
  A water moccasin skeleton (D:10)
  2 troll zombies (D:11)
  8 killer bees
  3 wights (D:14)
  8 howler monkeys
  7 electric eels
  18 crimson imps
  2 centaur zombies
  A quasit (D:13)
  3 giant frog skeletons
  3 jellies
  25 orc priests
  Crazy Yiuf (D:5)
  6 centaur skeletons
  5 hounds
  20 iguanas
  Ijyb (D:3)
  34 orc wizards
  11 worker ants
  7 sheep (Lair:2)
  5 ogre zombies (D:11)
  2 big kobold zombies (Ossuary)
  A crocodile zombie (Swamp:4)
  An ogre skeleton (Lab)
  2 hound skeletons
  2 mummies (Ossuary)
  A howler monkey zombie (D:8)
  4 gnolls
  2 howler monkey skeletons
  12 adders
  10 river rats
  6 shadow imps
  3 oozes
  An adder zombie (Ossuary)
  A worm zombie (D:7)
  An adder skeleton (D:5)
  2 worms (D:4)
  13 giant geckos
  115 orcs
  6 bats
  7 hobgoblins
  7 jackals
  27 kobolds
  4 quokkas
  A giant gecko skeleton (D:4)
  4 giant newts
  6 goblins
  3 goblin zombies
  2 hobgoblin skeletons (D:11)
  13 hobgoblin zombies
  A jackal skeleton (D:8)
  A jackal zombie (D:8)
  12 kobold zombies
  6 orc skeletons (D:11)
  19 orc zombies
  3 rats
  A rat zombie (Ossuary)
  13 briar patches (Swamp:4)
  2 fungi (Lair:6)
  3 withered plants (D:15)
1640 creatures vanquished.

Vanquished Creatures (collateral kills)
  A thorn hunter (Swamp:4)
  An emperor scorpion (Spider:4)
  An ironheart preserver (Vaults:4)
  A spark wasp (Spider:4)
  Josephine (D:11)
  A yaktaur captain (Vaults:2)
  An entropy weaver (Spider:4)
  4 hydras
  A vault guard (Vaults:4)
  An alligator (Swamp:4)
  A deep troll earth mage (Vaults:4)
  A hell knight (Vaults:4)
  2 deep trolls (Vaults:4)
  A flayed ghost (Vaults:2)
  A necromancer (Vaults:4)
  A deep elf mage (Vaults:4)
  A cyclops (D:14)
  A giant leech (Swamp:4)
  A troll (D:11)
  2 blink frogs (Lair:2)
  A tarantella (Spider:4)
  A redback (Spider:4)
  A spriggan (Swamp:4)
  A wraith (D:11)
  A vampire mosquito (Lair:2)
  3 insubstantial wisps (Swamp:4)
  A water moccasin (Lair:2)
  A porcupine (Lair:2)
  7 orc warriors
  An ogre (Orc:2)
  An orc priest (Orc:2)
  An orc wizard (Orc:2)
  An iguana (Lair:2)
  4 sheep (D:14)
  3 orcs (Orc:2)
53 creatures vanquished.

Vanquished Creatures (others)
  A spriggan druid (Swamp:4)
  An orb spider (Spider:4)
  A spriggan (Swamp:4)
  A swamp worm (Swamp:4)
  Dowan (D:6)
  A hound (D:6)
  An orc priest (D:13)
  A giant newt (D:6)
  A fungus (Lair:3)
  A plant (Lair:3)
10 creatures vanquished.

Grand Total: 1703 creatures vanquished

Notes
Turn   | Place    | Note
--------------------------------------------------------------
     0 | D:1      | Apachew the Minotaur Berserker began the quest for the Orb.
     0 | D:1      | Reached XP level 1. HP: 19/19 MP: 0/0
   188 | D:1      | Reached skill level 4 in Axes
   409 | D:1      | Reached XP level 2. HP: 21/26 MP: 1/1
   709 | D:1      | Reached skill level 5 in Axes
   969 | D:2      | You fall through a shaft!
   974 | D:3      | Reached XP level 3. HP: 31/31 MP: 2/2
   975 | D:3      | Reached ** piety under Trog
   998 | D:3      | Reached skill level 6 in Axes
   998 | D:3      | Reached XP level 4. HP: 12/39 MP: 3/3
  1064 | D:3      | Noticed Herrn's ghost (amateur TrEE)
  1490 | D:2      | Found an ancient bone altar of Kikubaaqudgha.
  1577 | D:2      | Found a radiant altar of Vehumet.
  1757 | D:2      | Found a white marble altar of Elyvilon.
  1895 | D:3      | Reached XP level 5. HP: 45/45 MP: 4/4
  1896 | D:3      | Reached skill level 7 in Axes
  2034 | D:3      | Found a glowing silver altar of Zin.
  2084 | D:3      | Killed Herrn's ghost
  2084 | D:3      | Reached skill level 8 in Axes
  2084 | D:3      | Reached XP level 6. HP: 51/51 MP: 5/5
  2086 | D:3      | Found a burning altar of Makhleb.
  2088 | D:3      | Reached *** piety under Trog
  2321 | D:3      | Noticed Ijyb
  2336 | D:3      | Killed Ijyb
  2706 | D:4      | Reached skill level 9 in Axes
  2814 | D:4      | Reached XP level 7. HP: 40/57 MP: 6/6
  2911 | D:4      | Found an oddly glowing altar of Pakellas.
  2955 | D:4      | Reached skill level 10 in Axes
  3106 | D:4      | Found a sacrificial altar of Ru.
  3293 | D:4      | Found a deep blue altar of Sif Muna.
  3365 | D:5      | Entered Level 5 of the Dungeon
  3565 | D:5      | Reached skill level 11 in Axes
  3569 | D:5      | Reached **** piety under Trog
  3679 | D:5      | Found a staircase to the Ecumenical Temple.
  3683 | Temple   | Entered the Ecumenical Temple
  4108 | D:5      | Found a hazy altar of Hepliaklqana.
  4205 | D:5      | Noticed Crazy Yiuf
  4213 | D:5      | Killed Crazy Yiuf
  4309 | D:6      | Reached XP level 8. HP: 58/64 MP: 7/7
  4359 | D:6      | Noticed Pikel
  4568 | D:6      | Killed Pikel
  4568 | D:6      | Reached skill level 13 in Axes
  4797 | D:6      | Noticed Duvessa
  4804 | D:6      | Noticed Dowan
  4804 | D:6      | Killed Duvessa
  4811 | D:6      | Killed Dowan
  4925 | D:6      | Reached XP level 9. HP: 70/70 MP: 8/8
  5086 | D:6      | Reached skill level 14 in Axes
  5793 | D:7      | Noticed Herrn's ghost (novice TrEE)
  5804 | D:7      | Killed Herrn's ghost
  5804 | D:7      | Reached skill level 5 in Fighting
  5828 | D:7      | Found a sand-covered staircase.
  5849 | Ossuary  | Entered an ossuary
  6029 | Ossuary  | Reached skill level 5 in Armour
  6289 | D:7      | Found Wugis's General Store.
  6298 | D:7      | Reached skill level 5 in Dodging
  6584 | D:7      | Reached ***** piety under Trog
  6589 | D:7      | Reached XP level 10. HP: 70/84 MP: 9/9
  7210 | D:8      | Noticed Erica
  7227 | D:8      | Killed Erica
  7375 | D:8      | Found a staircase to the Lair.
  8509 | D:9      | Noticed Maurice
  8521 | D:9      | Killed Maurice
  8717 | D:10     | Entered Level 10 of the Dungeon
  8815 | D:10     | Reached XP level 11. HP: 95/95 MP: 10/10
  8878 | D:10     | Noticed a hill giant
  8883 | D:10     | Killed a hill giant
  8952 | D:10     | Got a warped scale mail
  9007 | D:10     | Received a gift from Trog
  9358 | D:10     | Noticed a hill giant
  9366 | D:10     | Killed a hill giant
  9366 | D:10     | Reached skill level 15 in Axes
  9511 | D:10     | Noticed a hill giant
  9517 | D:10     | Killed a hill giant
  9706 | Lair:1   | Entered Level 1 of the Lair of Beasts
  9915 | Lair:1   | Noticed Herrn's ghost (journeyman TrMo)
  9950 | Lair:1   | Killed Herrn's ghost
 10231 | Lair:1   | Reached skill level 10 in Fighting
 10284 | Lair:1   | Reached skill level 16 in Axes
 10632 | Lair:1   | Reached XP level 12. HP: 87/106 MP: 11/11
 10636 | Lair:1   | Received a gift from Trog
 10735 | Lair:2   | Noticed an eight-headed hydra
 10741 | Lair:2   | Killed a ten-headed hydra
 10876 | Lair:2   | Noticed a seven-headed hydra
 10883 | Lair:2   | Killed an 11-headed hydra
 10883 | Lair:2   | Reached skill level 10 in Armour
 10972 | Lair:2   | Noticed Urug
 11000 | Lair:2   | Killed Urug
 11488 | Lair:2   | Found a staircase to the Swamp.
 11732 | Lair:2   | Reached skill level 17 in Axes
 11806 | Lair:3   | Reached skill level 10 in Dodging
 11898 | Lair:3   | Received a gift from Trog
 12018 | Lair:3   | Found a hole to the Spider Nest.
 12123 | Lair:3   | Noticed Rupert
 12140 | Lair:3   | Killed Rupert
 12140 | Lair:3   | Reached XP level 13. HP: 96/117 MP: 12/12
 13828 | Lair:5   | Reached skill level 18 in Axes
 14037 | Lair:5   | Found a viscous altar of Jiyva.
 14037 | Lair:5   | Found a staircase to the Slime Pits.
 14179 | Lair:6   | Entered Level 6 of the Lair of Beasts
 14462 | Lair:6   | Received a gift from Trog
 14819 | Lair:6   | Reached XP level 14. HP: 127/127 MP: 13/13
 14885 | Lair:6   | Identified the +2 scale mail "Iqaowaowk" {rCorr Str+3 Int+2} (You found it on level 10 of the Dungeon)
 14957 | Lair:6   | Received a gift from Trog
 15072 | Lair:6   | Gained mutation: Your skin changes colour to match your surroundings (Stealth+). [potion of beneficial mutation]
 15649 | D:11     | Found a staircase to the Orcish Mines.
 15683 | D:11     | Reached skill level 19 in Axes
 16148 | D:11     | Reached ****** piety under Trog
 16189 | D:11     | Noticed Josephine
 16201 | D:11     | Killed Josephine
 16389 | D:12     | Found a glowing silver altar of Zin.
 16473 | D:12     | Found a labyrinth entrance.
 16487 | Lab      | Entered a labyrinth
 16942 | D:12     | Noticed Erolcha
 16951 | D:12     | Killed Erolcha
 16977 | D:12     | Found an opulent altar of Gozag.
 17864 | D:13     | Received a gift from Trog
 17976 | D:13     | Found a flagged portal.
 18010 | Bailey   | Entered a bailey
 18146 | Bailey   | Received a gift from Trog
 18335 | Bailey   | Got a pitted bardiche
 18974 | D:14     | Reached skill level 20 in Axes
 19020 | D:14     | Found a gate to the Vaults.
 19111 | D:14     | Found Eleal's Book Shop.
 19159 | D:14     | Found Hocon's General Store.
 19169 | D:14     | Found Lifoed's General Store.
 19189 | D:14     | Noticed Snorg
 19197 | D:14     | Killed Snorg
 19198 | D:14     | Found Hexov's Armour Shoppe.
 19233 | D:14     | Bought a +2 hat for 272 gold pieces
 19408 | D:14     | Identified the +7 bardiche of the Madman {freeze, MR+ Dex+2} (You found it in a bailey)
 19698 | D:14     | Found a sparkling altar of Nemelex Xobeh.
 19813 | D:15     | Entered Level 15 of the Dungeon
 20006 | D:15     | Reached XP level 15. HP: 131/136 MP: 14/14
 20166 | D:15     | Noticed Louise
 20178 | D:15     | Killed Louise
 20219 | D:15     | Found a staircase to the Depths.
 20254 | D:15     | Reached skill level 21 in Axes
 20760 | Orc:1    | Entered Level 1 of the Orcish Mines
 20830 | Orc:1    | Noticed Gastronok
 20843 | Orc:1    | Killed Gastronok
 20987 | Orc:2    | Entered Level 2 of the Orcish Mines
 20989 | Orc:2    | Received a gift from Trog
 21079 | Orc:2    | Noticed an orc warlord
 21086 | Orc:2    | Killed an orc warlord
 21092 | Orc:2    | Received a gift from Trog
 21266 | Orc:2    | Found Xasil's Gadget Emporium.
 21350 | Orc:2    | Found Myofit's Off-Brand Ammunition.
 21535 | Orc:2    | Found a staircase to the Elven Halls.
 21549 | Orc:2    | Received a gift from Trog
 21825 | Orc:2    | Found Rutijats's Food Shoppe.
 22239 | Orc:2    | Found Ragridwo's Food Shoppe.
 22240 | Orc:2    | Found Ypeuw's Food Boutique.
 22240 | Orc:2    | Found Xaitt's Antique Armour Boutique.
 22270 | Orc:2    | Bought a pair of twisted boots for 285 gold pieces
 22280 | Orc:2    | Identified the +0 pair of boots of Xisilius {rPois} (You bought it in a shop on level 2 of the Orcish Mines)
 22281 | Orc:2    | Bought a pair of runed boots for 135 gold pieces
 22291 | Orc:2    | Identified a +0 pair of boots of running (You bought it in a shop on level 2 of the Orcish Mines)
 22569 | Swamp:1  | Entered Level 1 of the Swamp
 23326 | Swamp:1  | Received a gift from Trog
 23418 | Swamp:1  | Reached skill level 22 in Axes
 24673 | Swamp:3  | Reached XP level 16. HP: 141/147 MP: 15/15
 25183 | Swamp:4  | Entered Level 4 of the Swamp
 25206 | Swamp:4  | Reached skill level 15 in Fighting
 25288 | Swamp:4  | Noticed a thorn hunter
 25305 | Swamp:4  | Killed a thorn hunter
 25618 | Swamp:4  | Noticed a thorn hunter
 25624 | Swamp:4  | Killed a thorn hunter
 25626 | Swamp:4  | Reached skill level 15 in Armour
 25718 | Swamp:4  | Noticed a thorn hunter
 25736 | Swamp:4  | Killed a thorn hunter
 25946 | Swamp:4  | Got a decaying rune of Zot
 25988 | Swamp:4  | Received a gift from Trog
 26428 | Swamp:4  | Noticed a thorn hunter
 26442 | Swamp:4  | Killed a thorn hunter
 26874 | Spider:1 | Entered Level 1 of the Spider Nest
 26880 | Spider:1 | Reached skill level 23 in Axes
 27233 | Spider:1 | Received a gift from Trog
 27234 | Spider:1 | Got a bloodstained arbalest {god gift}
 27235 | Spider:1 | Identified the +1 arbalest of the Ancient Suns {elec, +Fly rElec rN+} (Trog gifted it to you on level 1 of the Spider Nest)
 27833 | Spider:1 | Reached XP level 17. HP: 159/159 MP: 16/16
 28322 | Spider:2 | Received a gift from Trog
 28338 | Spider:2 | Got a dazzling battleaxe {god gift}
 28402 | Spider:2 | Identified the +9 battleaxe "Vepocim" {chop, Str+4} (Trog gifted it to you on level 2 of the Spider Nest)
 29008 | Spider:3 | Noticed Agnes
 29017 | Spider:3 | Killed Agnes
 29062 | Spider:3 | Noticed Jorgrun
 29068 | Spider:3 | Killed Jorgrun
 29422 | Spider:4 | Entered Level 4 of the Spider Nest
 29571 | Spider:4 | Noticed Arachne
 29584 | Spider:4 | Killed Arachne
 30102 | Spider:4 | Received a gift from Trog
 30354 | Spider:4 | Reached skill level 24 in Axes
 30756 | Spider:4 | Got a gossamer rune of Zot
 31294 | Vaults:1 | Entered Level 1 of the Vaults
 31692 | Vaults:1 | Paralysed by a great orb of eyes for 5 turns
 31706 | Vaults:1 | Reached XP level 18. HP: 170/170 MP: 17/17
 31726 | Vaults:1 | Received a gift from Trog
 31813 | Vaults:1 | HP: 5/170 [orc warrior/halberd[an orc knight] (17)]
 32255 | Vaults:1 | Reached skill level 25 in Axes
 32261 | Vaults:1 | Received a gift from Trog
 32944 | Vaults:1 | Reached skill level 26 in Axes
 32946 | Vaults:1 | Received a gift from Trog
 33505 | Vaults:2 | Got a slimy graven amulet
 34032 | Vaults:2 | Received a gift from Trog
 34035 | Vaults:2 | Identified the amulet of the Sunfish {Reflect rElec rF- Int+8 Dex+3 SH+2} (You found it on level 2 of the Vaults)
 34122 | Vaults:2 | Reached XP level 19. HP: 53/178 MP: 18/18
 35014 | Vaults:2 | Reached skill level 27 in Axes
 35324 | Vaults:3 | Noticed a Brimstone Fiend
 35422 | Vaults:3 | Found a staircase to the Crypt.
 35440 | Vaults:3 | Received a gift from Trog
 36157 | Vaults:3 | Found Osous's Jewellery Emporium.
 36691 | Vaults:4 | Noticed Wiglaf
 36700 | Vaults:4 | Killed Wiglaf
 36716 | Vaults:4 | Noticed Boris
 36717 | Vaults:4 | Received a gift from Trog
 36728 | Vaults:4 | Killed Boris
 37431 | Vaults:4 | Noticed a lich
 37441 | Vaults:4 | Killed a lich
 38009 | Vaults:5 | Entered Level 5 of the Vaults
 38266 | Depths:1 | Entered Level 1 of the Depths
 38293 | D:15     | Reached XP level 20. HP: 117/191 MP: 19/19
 38640 | Depths:1 | Received a gift from Trog
 39147 | Depths:1 | Found Kurar's Elemental Accessories.
 39198 | Depths:1 | Found a gateway to Hell.
 40260 | Depths:3 | Paralysed by a lich for 5 turns
 40268 | Depths:3 | Killed from afar by a lich

Vault maps used:
D:1:      scummos_arrival_gate
D:2:      lemuel_round_altar, overflow_temple_1_default,
          kiku_gazebo_garden_becter, minmay_item_behind_shaft, st_stairs_13
D:3:      marbit_many_paths, makhleb_grotto_becter, hangedman_decor_lopped,
          uniq_iyjb
D:4:      grunt_pakellas_basics, nicolae_overflow_hidden_temple, tgw_sif,
          nicolae_ru_awakened_eye
D:5:      kennysheep_mini, minmay_temple_entry_glassed_door, first_bread,
          uniq_crazy_yiuf_cottage
D:6:      uniq_pikel, uniq_duvessa
D:7:      enter_ossuary_3, serial_shops, shop_fountains, grunt_ogre_cave,
          minmay_strange_pillars, minmay_misc_feat_nine_boxes,
          minmay_misc_feat_ornament
D:8:      lair_0_dummy, uniq_erica
D:9:      uniq_maurice
D:10:     minmay_joined_circles
D:11:     zombieorc2_lemuel, uniq_josephine
D:12:     lab_entry_generic, basic_altar, serial_bayou_pond_d,
          nicolae_gozag_seed_capital, uniq_erolcha
D:13:     enter_bailey_2, minmay_strange_pillars
D:14:     david_vaults_1, serial_shops, shop, shop_coins, kennysheep_little_box,
          nicolae_shop_competitors_out_of_business,
          nemelex_xobeh_ov_fountains_minmay, uniq_snorg
D:15:     gammafunk_depths_entry_grave, hangedman_decor_clover_reticule,
          uniq_louise
Temple:   hc_temple_tempest_star
Lair:1:   beast_lair_carwin_5, infiniplex_staircase_pool_2, grunt_megastairs_1,
          serial_bayou_shore_a, lemuel_fruit_fields, serial_bayou_shore_b
Lair:2:   beast_lair_carwin_large_3, minmay_swamp_entry_swarm,
          infiniplex_staircase_pool, uniq_urug
Lair:3:   nicolae_spider_entry_orb_guardian, grunt_megastairs_3, uniq_rupert
Lair:4:   ldierk_geyser
Lair:5:   dpeg_slime_entry_enclosed_altar, grunt_megastairs_4
Lair:6:   minmay_lair_end_enchanted_forest, grunt_megastairs_5
Swamp:1:  nicolae_swamp_very_dense_foliage, swamp_pool4
Swamp:2:  evilmike_swamp_ruin_house_3, swamp_pool2
Swamp:3:  serial_swamp_ruin, evilmike_swamp_ruin_house_5,
          evilmike_swamp_ruin_house_2, evilmike_swamp_ruin_rubble_2
Swamp:4:  swamp, swamp_pool5, nicolae_swamp_necromancer_hut
Spider:3: uniq_agnes, uniq_jorgrun
Spider:4: spider_rune_water, uniq_arachne
Orc:1:    minmay_orc_temple_b, uniq_maud, uniq_gastronok
Orc:2:    st_orc_elflike, serial_shops, shop, nicolae_offbrand_ammo
Vaults:1: nicolae_vaults_network_barrier, grunt_vaults_swirl,
          dpeg_vaults_monster_row, ontoclasm_vaults_claustrophobia,
          st_more_cells, vaults_dpeg_hooks, v_pattern_2,
          nicolae_vaults_triangles, hangedman_vaults_capsules,
          nicolae_vaults_big_angled_halls, serial_ice_h
Vaults:2: ontoclasm_vaults_ring_large, v_pattern_3, st_diamondy, v_rooms_6,
          nicolae_vaults_shelves_hall, hangedman_vaults_corner,
          vaults_standard_mumra_lines, nicolae_vaults_network_periphery,
          nicolae_vaults_big_ls
Vaults:3: hangedman_vaults_stream, hangedman_vaults_stretched_pinwheel,
          vaults_dpeg_encased_lava, hangedman_vaults_trim,
          hangedman_vaults_impose, vaults_room_fours,
          nicolae_vaults_little_squares_4, vaults_dpeg_ring,
          minmay_crypt_entry_simple_sparse, serial_shops, shop
Vaults:4: nicolae_vaults_little_squares_5, grunt_vaults_hallway_short, v_misc_2,
          nicolae_vaults_little_squares_1, nicolae_vaults_shelves_hall,
          ontoclasm_vaults_fault, vaults_dpeg_cross, v_alt_pattern_1,
          v_alt_pattern_4, nicolae_vaults_little_squares_5,
          grunt_vaults_hallway_short, v_misc_15, vaults_room_stairs_pillars,
          uniq_boris, uniq_wiglaf
Vaults:5: uniq_mara
Depths:1: pf_coc_iceberg, kennysheep_minor_cross, minivault_22,
          kennysheep_cross_room, nicolae_elemental_shop
Depths:2: lemuel_river_lethe, pan_entry, hell_entry
Depths:3: minmay_thick_lines, minmay_staircase_windowed_large,
          rand_demon_pan_entry_4, hell_entry, uniq_nikola
Lab:      lab_block, nicolae_lab_dead_end, nicolae_lab_blocks,
          labyrinth_skeletal_remains, nicolae_lab_lava, nicolae_lab_plus
Ossuary:  ossuary_tomb_1
Bailey:   bailey_polearm_flooded_kennysheep, bailey

Skill      XL: |  1  2  3  4  5  6  7  8  9 10 11 12 13 14 15 16 17 18 19 20 |
---------------+-------------------------------------------------------------+-----
Axes           | 4 5 6 8 9 11 13 14 16 17 18 20 22 23 24 26 27 | 27.0
Fighting       | 6 8 10 11 12 13 14 16 17 19 | 19.6
Armour         | 6 8 9 11 12 13 14 16 17 18 19 | 19.2
Dodging        | 5 7 9 10 11 12 13 14 | 14.7

Action                   |  1- 3 |  4- 6 |  7- 9 | 10-12 | 13-15 | 16-18 | 19-21 || total
-------------------------+-------+-------+-------+-------+-------+-------+-------++-------
Melee: Hand axe          |    49 |    44 |       |       |       |       |       ||    93
       Headbutt          |     3 |    18 |    64 |   100 |   252 |   251 |   116 ||   804
       War axe           |       |    50 |   361 |   252 |       |       |       ||   663
       Battleaxe         |       |       |       |   363 |   685 |       |       ||  1048
       Executioner's axe |       |       |       |       |   497 |  1150 |   497 ||  2144
Invok: Berserk           |     2 |     2 |     7 |     7 |     4 |       |       ||    22
       Trog's Hand       |     1 |       |       |     1 |     3 |     6 |     1 ||    12
       Burn Spellbooks   |       |       |     1 |       |     2 |     7 |     2 ||    12
       Brothers in Arms  |       |       |       |     5 |     3 |     7 |     3 ||    18
 Abil: Evoke Flight      |       |       |       |       |     5 |       |       ||     5
Evoke: Wand              |       |       |       |     6 |     1 |       |       ||     7
       Rod               |       |       |       |       |       |       |     2 ||     2
  Use: Potion            |     1 |       |       |       |     1 |     3 |     1 ||     6
       Scroll            |       |       |       |    21 |    17 |     9 |     2 ||    49
 Stab: Distracted        |       |       |       |       |     1 |       |     1 ||     2
       Confused          |       |       |       |       |       |     1 |       ||     1
  Eat: Chunk             |     1 |     9 |    18 |    30 |    48 |    34 |    19 ||   159
       Fruit             |       |     1 |       |       |       |       |       ||     1
       Pizza             |       |       |     1 |       |       |     1 |       ||     2
       Bread ration      |       |       |       |     1 |       |       |       ||     1
       Meat ration       |       |       |       |       |     1 |       |       ||     1
       Royal jelly       |       |       |       |       |       |       |     1 ||     1
Armor: Animal skin       |     9 |    18 |       |       |       |       |       ||    27
       Ring mail         |       |     3 |    25 |       |       |       |       ||    28
       Chain mail        |       |       |   116 |   227 |   205 |       |       ||   548
       Plate armour      |       |       |       |       |   501 |   838 |   250 ||  1589
Dodge: Dodged            |    45 |    53 |   132 |   313 |   784 |   738 |   229 ||  2294
Block: Other             |       |       |       |    20 |     3 |       |       ||    23
